[Event "Fagernes op-A"]
[Site "Fagernes NOR"]
[Date "2023.04.04"]
[Round "3.17"]
[White "Cummings, David"]
[Black "Kulaots, Kaido"]
[Result "1/2-1/2"]
[ECO "A10"]
[WhiteElo "2318"]
[BlackElo "2525"]
[PlyCount "55"]
[GameId "2129404710651391"]
[EventDate "2023.04.02"]
[EventType "swiss"]
[EventRounds "9"]
[EventCountry "NOR"]
[SourceTitle "10 Days #719"]
[Source "ChessMix"]
[SourceDate "2023.04.10"]
[SourceVersion "1"]
[SourceVersionDate "2023.04.10"]
[SourceQuality "1"]
[TimeControl "40/6000+30:2400+30"]

1. c4 g6 2. e4 e5 3. d4 Nf6 4. Nf3 exd4 5. e5 Ne4 6. Qxd4 Bb4+ 7. Nbd2 Ng5 8. a3 Nc6 9. Qf4 Nxf3+ 10. Qxf3 Be7 11. Ne4 Nxe5 12. Qc3 f6 13. Bh6 d6 14. O-O-O Bf5 15. Ng3 Qd7 16. h3 O-O-O 17. f4 Nc6 18. Nxf5 Qxf5 19. g4 Qd7 20. Bg2 Bf8 21. Bxf8 Rhxf8 22. Rhe1 f5 23. g5 Rde8 24. Rxe8+ Rxe8 25. c5 Kb8 26. Kb1 Nd8 27. cxd6 cxd6 28. Qb4 1/2-1/2

[Event "Fagernes op-A"]
[Site "Fagernes NOR"]
[Date "2023.04.05"]
[Round "4.25"]
[White "Lye, Sverre"]
[Black "Cummings, David"]
[Result "1/2-1/2"]
[ECO "B13"]
[WhiteElo "2212"]
[BlackElo "2318"]
[PlyCount "121"]
[GameId "2129404710651421"]
[EventDate "2023.04.02"]
[EventType "swiss"]
[EventRounds "9"]
[EventCountry "NOR"]
[SourceTitle "10 Days #719"]
[Source "ChessMix"]
[SourceDate "2023.04.10"]
[SourceVersion "1"]
[SourceVersionDate "2023.04.10"]
[SourceQuality "1"]
[TimeControl "40/6000+30:2400+30"]

1. e4 c6 2. d4 d5 3. exd5 cxd5 4. Bd3 Nc6 5. c3 Nf6 6. Bf4 Bg4 7. Qb3 Qd7 8. Nd2 e6 9. Ngf3 Bd6 10. Bg3 Bxg3 11. hxg3 Qc7 12. O-O O-O 13. Rae1 Ne7 14. Ne5 Bf5 15. Bxf5 Nxf5 16. g4 Nd6 17. g3 Nfe4 18. Qd1 Nxd2 19. Qxd2 Ne4 20. Qe2 f6 21. Nf3 Rae8 22. Nd2 Nd6 23. Qd3 Qf7 24. b3 b5 25. a4 bxa4 26. Qa6 Qc7 27. c4 dxc4 28. Nxc4 Nxc4 29. Qxc4 Qxc4 30. bxc4 Rc8 31. Rxe6 Rxc4 32. Re7 Rxd4 33. Rxa7 Rfd8 34. Kg2 Rxg4 35. Rc1 h5 36. f3 Rd2+ 37. Kh3 Rg5 38. Rxa4 Rf2 39. Ra3 Re5 40. g4 hxg4+ 41. fxg4 Kh7 42. Rcc3 Ree2 43. Re3 Rh2+ 44. Kg3 Reg2+ 45. Kf4 Kg6 46. Rg3 Rb2 47. Rgb3 Rhf2+ 48. Kg3 Kh6 49. Rxb2 Rxb2 50. Kf4 Rb4+ 51. Kg3 g5 52. Ra7 Rb3+ 53. Kg2 Re3 54. Rb7 Kg6 55. Ra7 Re6 56. Kf3 f5 57. gxf5+ Kxf5 58. Ra5+ Kg6 59. Kg4 Re4+ 60. Kg3 Kh5 61. Ra3 1/2-1/2

[Event "Fagernes op-A"]
[Site "Fagernes NOR"]
[Date "2023.04.07"]
[Round "7.32"]
[White "Cummings, David"]
[Black "Pujari, Rucha"]
[Result "1-0"]
[ECO "D35"]
[WhiteElo "2318"]
[BlackElo "2195"]
[PlyCount "119"]
[GameId "2129404710651492"]
[EventDate "2023.04.02"]
[EventType "swiss"]
[EventRounds "9"]
[EventCountry "NOR"]
[SourceTitle "10 Days #719"]
[Source "ChessMix"]
[SourceDate "2023.04.10"]
[SourceVersion "1"]
[SourceVersionDate "2023.04.10"]
[SourceQuality "1"]
[TimeControl "40/6000+30:2400+30"]

1. c4 e6 2. Nc3 d5 3. d4 Nf6 4. cxd5 exd5 5. Bg5 c6 6. e3 a5 7. Bd3 Na6 8. Nge2 Bd6 9. a3 Nc7 10. Qc2 h6 11. Bh4 O-O 12. f3 Ne6 13. h3 Be7 14. O-O b5 15. Bf2 Bd7 16. e4 dxe4 17. fxe4 Rc8 18. e5 Nd5 19. Nxd5 cxd5 20. Qb3 Qb6 21. Nc3 Nf4 22. Bb1 Qe6 23. Bg3 Nxh3+ 24. gxh3 Qxh3 25. Ne2 Bg5 26. Qd3 g6 27. Nf4 Bxf4 28. Bxf4 Qh5 29. Qg3 f5 30. exf6 Rxf6 31. Bd3 Bh3 32. Rf2 Rcf8 33. Rh2 Rxf4 34. Qxh3 Qxh3 35. Rxh3 Rxd4 36. Rf1 Rg4+ 37. Kh2 Rxf1 38. Bxf1 Kg7 39. Bxb5 h5 40. Rd3 d4 41. Bc6 Kf6 42. b4 axb4 43. axb4 Rh4+ 44. Kg3 Rg4+ 45. Kf3 Ke5 46. b5 Rf4+ 47. Kg3 h4+ 48. Kh3 Kd6 49. Rb3 Kc5 50. b6 Kxc6 51. b7 Rf8 52. b8=Q Rxb8 53. Rxb8 g5 54. Rd8 Kc5 55. Kg4 Kc4 56. Kxg5 h3 57. Kf4 Kd3 58. Rh8 Ke2 59. Rxh3 d3 60. Rh2+ 1-0

[Event "Excelsior March op"]
[Site "Toronto CAN"]
[Date "2024.03.15"]
[Round "1.4"]
[White "Cummings, David"]
[Black "Qian, Ashley"]
[Result "1-0"]
[ECO "D36"]
[WhiteElo "2277"]
[BlackElo "1804"]
[PlyCount "125"]
[GameId "2160767740051111"]
[EventDate "2024.03.15"]
[EventType "swiss"]
[EventRounds "5"]
[EventCountry "CAN"]
[TimeControl "90+30"]
[WhiteClock "0:08:04"]
[BlackClock "0:04:37"]

1. d4 d5 2. c4 e6 3. Nc3 Nf6 4. cxd5 exd5 5. Bg5 c6 6. e3 Be7 7. Bd3 Nbd7 8. Qc2 h6 9. Bh4 Nh5 10. Bxe7 Qxe7 11. Nge2 Nhf6 12. O-O O-O 13. Rae1 Qd8 14. Nc1 Re8 15. b4 Nf8 16. Nb3 Ne6 17. a4 b6 18. Nd2 Bb7 19. Nf3 Rc8 20. Rb1 Qe7 21. Qb2 Ba8 22. Rfd1 Red8 23. Ba6 Bb7 24. Bf1 Ba8 25. Rbc1 Bb7 26. a5 Nd7 27. Rb1 Rb8 28. Qa2 Qd6 29. Qc2 Rbc8 30. Qb3 Nf6 31. Ne5 Qc7 32. f4 Rb8 33. a6 Ba8 34. Rbc1 Qd6 35. Bd3 Rbc8 36. Bb1 Qe7 37. Ne2 Nf8 38. Ng3 Qe6 39. Bf5 Qd6 40. Bxc8 Rxc8 41. Rc3 N6d7 42. Rdc1 Nxe5 43. fxe5 Qe6 44. Qc2 Re8 45. Nf5 Nh7 46. b5 c5 47. dxc5 Qxe5 48. cxb6 axb6 49. Rc8 Nf8 50. Rxe8 Qxe8 51. Qc8 Qe5 52. Qxa8 Qxf5 53. a7 Qe5 54. Qc8 Qxe3+ 55. Kh1 Kh7 56. a8=Q Ne6 57. Qxd5 Qf4 58. Qd3+ g6 59. Rf1 Qe5 60. Rxf7+ Ng7 61. Qcc3 Qxc3 62. Qxc3 Kg8 63. Qxg7# 1-0

[Event "Excelsior March op"]
[Site "Toronto CAN"]
[Date "2024.03.16"]
[Round "2.4"]
[White "Ruchinskaya, Valerie"]
[Black "Cummings, David"]
[Result "0-1"]
[ECO "E20"]
[WhiteElo "1743"]
[BlackElo "2277"]
[PlyCount "56"]
[GameId "2160767740051119"]
[EventDate "2024.03.15"]
[EventType "swiss"]
[EventRounds "5"]
[EventCountry "CAN"]
[TimeControl "90+30"]
[WhiteClock "0:15:44"]
[BlackClock "0:42:25"]

1. d4 Nf6 2. c4 e6 3. Nc3 Bb4 4. f3 c5 5. d5 b5 6. e4 O-O 7. e5 Ne8 8. f4 d6 9. Nf3 exd5 10. Qxd5 Qc7 11. Bd3 Bb7 12. exd6 Nxd6 13. Qh5 Bxc3+ 14. bxc3 Re8+ 15. Kf2 g6 16. Qh3 bxc4 17. Bb1 f5 18. Bd2 Nd7 19. g4 fxg4 20. Qxg4 Nf6 21. Qg2 Nde4+ 22. Ke2 Nxd2+ 23. Kxd2 Qxf4+ 24. Kc2 Bxf3 25. Rf1 Qe4+ 26. Kc1 Bxg2 27. Bxe4 Bxf1 28. Bxa8 Rxa8 0-1

[Event "Excelsior March op"]
[Site "Toronto CAN"]
[Date "2024.03.17"]
[Round "4.2"]
[White "Cummings, David"]
[Black "Xu, Ryan (Zhuoyuan)"]
[Result "1-0"]
[ECO "A11"]
[WhiteElo "2277"]
[BlackElo "1757"]
[PlyCount "63"]
[GameId "2160767740051133"]
[EventDate "2024.03.15"]
[EventType "swiss"]
[EventRounds "5"]
[EventCountry "CAN"]
[TimeControl "90+30"]
[WhiteClock "0:18:26"]
[BlackClock "0:44:07"]

1. c4 c6 2. Nf3 Nf6 3. Nc3 d5 4. e3 e6 5. b3 Nbd7 6. Qc2 Bd6 7. Bb2 O-O 8. Be2 b6 9. Rg1 Bb7 10. g4 c5 11. g5 Ne4 12. cxd5 exd5 13. Nxe4 dxe4 14. Qc3 f6 15. gxf6 Rxf6 16. Bb5 Kh8 17. Bxd7 exf3 18. Bf5 Qe7 19. O-O-O Rg8 20. Rg5 h6 21. Rg6 Rxg6 22. Bxg6 Qg5 23. Bb1 Rd8 24. h4 Qg4 25. Qd3 Kg8 26. Qh7+ Kf7 27. h5 Bf8 28. Bg6+ Ke6 29. Bxg7 Bd6 30. Bc3 Be7 31. Qf7+ Kd6 32. Be5+ 1-0

[Event "Excelsior March op"]
[Site "Toronto CAN"]
[Date "2024.03.17"]
[Round "5.1"]
[White "Rodrigue-Lemieux, Shawn"]
[Black "Cummings, David"]
[Result "1-0"]
[ECO "B10"]
[WhiteElo "2477"]
[BlackElo "2277"]
[PlyCount "97"]
[GameId "2160767740231364"]
[EventDate "2024.03.15"]
[EventType "swiss"]
[EventRounds "5"]
[EventCountry "CAN"]
[TimeControl "90+30"]
[WhiteClock "0:05:05"]
[BlackClock "0:01:21"]

1. e4 c6 2. Nf3 d5 3. d3 Qc7 4. Nc3 dxe4 5. dxe4 e5 6. Bc4 b5 7. Bb3 h6 8. Ne2 Nf6 9. Ng3 Nbd7 10. c3 Nc5 11. Bc2 Be6 12. b3 Be7 13. O-O O-O 14. Qe2 Rfd8 15. Nh4 Bg4 16. Qe3 Ne6 17. h3 Bc5 18. Qe1 Bh5 19. Kh1 a5 20. a3 Kh8 21. Nxh5 Nxh5 22. g3 Qd7 23. Kg2 Ng5 24. Rh1 g6 25. Qe2 Nf6 26. Nf3 Nxf3 27. Qxf3 Ng8 28. Rd1 Qe7 29. Rxd8 Rxd8 30. b4 Ba7 31. bxa5 Rd6 32. Be3 Rf6 33. Qe2 Qc7 34. a4 Qxa5 35. Bxa7 Qxa7 36. a5 Kg7 37. Qe3 Qxe3 38. fxe3 Re6 39. a6 Re8 40. Bd3 Nf6 41. c4 b4 42. c5 Nd7 43. Ra5 b3 44. Kf2 Ra8 45. Ke2 b2 46. Kd2 Nxc5 47. Rxc5 Rxa6 48. Bb1 Kf6 49. Rc2 1-0